 Dungeon Sprint DCSS version 0.17.1-3-g152610e (webtiles) character file.

214 Kokonut the Quickloader (level 5, -9/67 HPs)
             Began as a Minotaur Berserker on Mar 28, 2016.
             Was a Believer of Trog.
             Mangled by a merfolk
             ... wielding a +0 trident
              (16 damage)
             ... in the Dungeon (Sprint V: "Ziggurat Sprint").
             The game lasted 00:02:28 (70 turns).

Kokonut the Quickloader (Minotaur Berserker)          Turns: 70, Time: 00:02:28

Health: -9/67      AC: 26    Str: 33    XL:     5   Next: 60%
Magic:  4/4        EV:  9    Int:  5    God:    Trog [**....]
Gold:   0          SH:  0    Dex: 15    Spells: 0 memorised, 4 levels left

rFire  . . .     SeeInvis .     I - +14 plutonium sword {*Contam Stlth-}
rCold  . . .     Clarity  .     K - +15 Maxwell's patent armour {-Cast -Tele rElec MR+ rCorr}
rNeg   . . .     SustAt   .     (shield currently unavailable)
rPois  .         Gourm    .     (helmet restricted)
rElec  +         Spirit   .     (no cloak)
rCorr  +         Warding  .     (no gloves)
rMut   .         NoTele   +     (no boots)
MR     +....     NoCast   +     (no amulet)
Stlth  ..........               F - +6 ring of strength
                                B - +6 ring of dexterity

@: berserking (expiring), very quick, somewhat resistant to hostile
enchantments, extremely unstealthy
A: retaliatory headbutt, horns 2
a: Berserk, Trog's Hand, Burn Spellbooks, Renounce Religion


You were in the Dungeon.
You worshipped Trog.
Trog was pleased with you.
You were not hungry.

You visited 1 branch

Inventory:

Hand Weapons
 a - a +0 falchion
 I - the +14 plutonium sword (weapon) {*Contam Stlth-}
   (You found it in the Dungeon)

   It causes magical contamination when unequipped.
   It makes you less stealthy.
 J - the +15 heavy crossbow "Sniper" {velocity, SInv}
   (You found it in the Dungeon)

   Any bolt fired from it inflicts extra damage.
   It lets you see invisible.
 L - a +5 triple crossbow
Missiles
 M - 1000 bolts
Armour
 b - a +0 animal skin
 K - the +15 Maxwell's patent armour (worn) {-Cast -Tele rElec MR+ rCorr}
   (You found it in the Dungeon)

   It insulates you from electricity.
   It affects your resistance to hostile enchantments.
   It prevents spellcasting.
   It prevents most forms of teleportation.
   It protects you from acid and corrosion.
Jewellery
 B - a +6 ring of dexterity (left hand)
 C - a +6 ring of dexterity
 D - a +6 ring of intelligence
 E - a +6 ring of intelligence
 F - a +6 ring of strength (right hand)
 G - a +6 ring of strength
 H - an uncursed ring of flight
Wands
 x - a wand of disintegration (7)
 y - a wand of fire (5)
 z - a wand of cold (5)
 A - a wand of draining (5)
Scrolls
 i - 4 scrolls of blinking
 p - 3 scrolls of recharging
 q - 7 scrolls of fog
 r - a scroll of holy word
 s - 5 scrolls of identify
 t - 5 scrolls of remove curse
 u - 2 scrolls of fear
 N - 4 scrolls of enchant weapon
Potions
 d - 10 potions of curing
 e - 10 potions of heal wounds
 f - 6 potions of haste
 g - 7 potions of magic
 h - 3 potions of berserk rage
 j - 2 potions of brilliance
 k - 2 potions of invisibility
 l - 4 potions of resistance
 m - a potion of experience
 n - 5 potions of agility
 o - 5 potions of might
Comestibles
 c - 5 bread rations
 v - 42 fruits
 w - 4 meat rations


   Skills:
 - Level 3.6 Fighting
 - Level 3.6 Long Blades
 + Level 12.3 Crossbows
 - Level 2.4 Armour
 - Level 2.1 Dodging


You had 4 spell levels left.
You didn't know any spells.

Dungeon Overview and Level Annotations

Branches:
Dungeon (1/1)

Altars:
Ashenzari
Cheibriados
Dithmenos
Elyvilon
Fedhas
Gozag
Kikubaaqudgha
Makhleb
Nemelex Xobeh
Okawaru
Qazlal
Ru
Sif Muna
Trog
Vehumet
Xom
Yredelemnul
Zin
The Shining One
Beogh
Jiyva
Lugonu


Innate Abilities, Weirdness & Mutations

You reflexively headbutt those who attack you in melee.
You have a pair of horns on your head.


Message History

Your Crossbows skill gained 9 levels and is now at level 12!
You have reached level 2!
You have reached level 3!
Your experience leads to an increase in your attributes!
Your base attributes are Str 21, Int 4, Dex 9.
Increase (S)trength, (I)ntelligence, or (D)exterity?
You feel clever.
You have reached level 4!
You feel stronger.
You have reached level 5!
The merfolk hits you but does no damage. x2
You slice the merfolk!!
The merfolk is moderately wounded.
The merfolk misses you. You furiously retaliate!
You headbutt the merfolk!
The merfolk hits you but does no damage. x2
You slash the merfolk!
The merfolk is heavily wounded.
The merfolk barely misses you. You furiously retaliate!
You headbutt the merfolk. The merfolk hits you with a trident!
You die...

▓▓▓▓▓▓▓▓▓▓▓▓▓
▓.8©8.▓.8©8.▓
▓.)[=.▓.....▓
▓.....▓...[.▓
▓.m)m.▓.....▓
▓..@..▓.))..▓
▓.....▓.....▓
▓.....▓▓▓▓▓▓▓
▓▓▓▓▓▓▓


You could see 2 merfolk.

Vanquished Creatures
  A merfolk (D)
  2 orcs (D)
3 creatures vanquished.

Vanquished Creatures (others)
  A spatial maelstrom (D)
1 creature vanquished.

Grand Total: 4 creatures vanquished

Notes
Turn   | Place    | Note
--------------------------------------------------------------
     0 | D        | Kokonut the Minotaur Berserker began the quest for the Orb.
     0 | D        | Reached XP level 1. HP: 19/19 MP: 0/0
     0 | D        | Found a roughly hewn altar of Beogh.
     0 | D        | Found a corrupted altar of Lugonu.
     0 | D        | Found a viscous altar of Jiyva.
     0 | D        | Found a white marble altar of Elyvilon.
     0 | D        | Found a sparkling altar of Nemelex Xobeh.
     0 | D        | Found a burning altar of Makhleb.
     0 | D        | Found an iron altar of Okawaru.
     0 | D        | Found a deep blue altar of Sif Muna.
     0 | D        | Found a radiant altar of Vehumet.
     0 | D        | Found a bloodstained altar of Trog.
     0 | D        | Found a shimmering altar of Xom.
     0 | D        | Banished a spatial maelstrom
    48 | D        | Entered arena 1.
    62 | D        | Entered arena 2.
    62 | D        | Noticed a merfolk
    62 | D        | Noticed a merfolk
    62 | D        | Noticed a merfolk
    68 | D        | Killed a merfolk
    68 | D        | Reached ** piety under Trog
    68 | D        | Reached skill level 12 in Crossbows
    68 | D        | Reached XP level 2. HP: 5/26 MP: 1/1
    68 | D        | Reached XP level 3. HP: 5/31 MP: 2/2
    68 | D        | Reached XP level 4. HP: 6/39 MP: 3/3
    68 | D        | Reached XP level 5. HP: 6/45 MP: 4/4
    70 | D        | Mangled by a merfolk

Action                   |  1- 3 |  4- 6 || total
-------------------------+-------+-------++-------
Melee: Triple sword      |     6 |     2 ||     8
Invok: Berserk           |     1 |       ||     1
